Map: Hecate LE

Players

LiquidCure (Cure) - Winner!

  • Race: Terran Terran
  • Spawn Location: 7:00

LiquidClem (Clem)

  • Race: Terran Terran
  • League: Master
  • Spawn Location: 1:00

VOD

Have the link to the VOD?

Description

Time

  • Played on: Dec. 20, 2023, 7:44 a.m.
  • Length: 9:13
Show
View Real Time Build Order
Export as new Build Order

LiquidCure Terran - Winner!

Build Orders: Cyclone Opening, Reaper Expand 

Get SALT Encoding   

  12  0:00  SCV  
  13  0:12  SCV  
  14  0:17  Supply Depot  
  14  0:24  SCV  
  15  0:38  SCV  
  15  0:40  Barracks  
  15  0:42  Refinery  
  16  0:50  SCV  
  17  1:02  SCV  
  18  1:15  SCV  
  19  1:27  Orbital Command, Reaper  
  20  1:40  Command Center  
  20  1:49  Supply Depot  
  20  1:53  SCV  
  21  1:59  Marine  
  22  2:05  SCV  
  22  2:08  Factory  
  23  2:14  Refinery  
  23  2:17  SCV  
  23  2:18  Marine  
  25  2:29  SCV  
  26  2:35  Marine  
  27  2:41  SCV  
  28  2:52  Cyclone  
  28  2:53  Orbital Command, SCV  
  28  2:55  Starport  
  28  2:57  Barracks Reactor  
  32  3:05  SCV  
  31  3:16  Bunker  
  31  3:17  SCV  
  32  3:20  SCV  
  32  3:24  Cyclone  
  35  3:29  Supply Depot, SCV  
  35  3:32  SCV  
  35  3:33  Starport Tech Lab  
  35  3:34  Marine x2  
  39  3:42  SCV  
  39  3:44  SCV  
  41  3:52  Raven  
  41  3:54  SCV  
  44  3:56  SCV  
  44  3:57  Command Center  
  44  4:00  Factory Tech Lab  
  45  4:05  Supply Depot  
  45  4:06  SCV  
  45  4:08  SCV  
  45  4:09  Refinery  
  47  4:12  Marine x2  
  48  4:18  SCV, Interference Matrix  
  48  4:20  SCV  
  50  4:30  SCV  
  53  4:32  SCV  
  53  4:34  Raven  
  53  4:38  Marine x2  
  54  4:42  SCV  
  54  4:43  Siege Tank  
  54  4:45  SCV, Barracks  
  60  4:48  Barracks  
  60  4:54  SCV  
  60  4:55  Supply Depot  
  60  4:57  SCV  
  62  5:02  Supply Depot  
  62  5:05  Engineering Bay  
  62  5:06  Engineering Bay  
  62  5:09  SCV x2, Refinery  
  62  5:11  Orbital Command  
  64  5:16  Siege Tank  
  67  5:22  SCV  
  67  5:24  Starport Reactor  
  67  5:26  Marine, Stimpack  
  69  5:30  SCV  
  69  5:34  SCV  
  71  5:38  Terran Infantry Weapons Level 1  
  71  5:41  Barracks Reactor  
  71  5:43  Barracks  
  71  5:44  Terran Infantry Armor Level 1  
  71  5:45  Barracks  
  71  5:46  Marine x2  
  71  5:48  SCV x2  
  71  5:49  Marine  
  72  5:54  SCV  
  68  6:00  SCV  
  68  6:04  Marine x2  
  69  6:05  Supply Depot  
  69  6:06  Siege Tank  
  69  6:07  Marine  
  69  6:09  SCV x2  
  76  6:12  SCV  
  76  6:15  Supply Depot  
  77  6:18  Missile Turret  
  77  6:19  Marine x2  
  77  6:21  Marine  
  77  6:22  Marine  
  77  6:23  Missile Turret, Medivac  
  77  6:24  Medivac  
  85  6:30  Supply Depot, Barracks Reactor  
  85  6:33  Barracks Reactor  
  85  6:34  Marine  
  85  6:37  Marine x2  
  85  6:38  Siege Tank  
  85  6:39  Marine x2  
  92  6:40  SCV x2  
  92  6:41  Orbital Command  
  92  6:45  Supply Depot  
  95  6:51  Marine  
  95  6:53  SCV x2  
  98  6:54  Marine x2  
  98  6:57  Supply Depot, Marine x2  
  98  6:58  Supply Depot  
  102  7:09  Marine  
  102  7:10  Marine x4  
  102  7:12  Siege Tank, Marine x2  
  102  7:15  Marine x2  
  110  7:23  Combat Shield, SCV  
  110  7:27  Marine  
  110  7:28  Marine x4  
  113  7:30  Marine x2  
  113  7:33  Marine x2  
  113  7:36  SCV x2  
  114  7:45  Marine  
  114  7:46  Marine x4  
  114  7:48  Marine x2  
  114  7:50  Marine  
  121  8:01  Armory  
  121  8:04  Command Center  
  121  8:08  Marine x5  
  126  8:16  Supply Depot x2  
  126  8:17  Supply Depot  
  126  8:18  Supply Depot  
  126  8:35  Marine  
  126  8:37  Marine x3  
  126  8:38  Marine x5  
  126  8:39  Siege Tank  
  117  8:45  SCV x2  
  116  8:53  Marine  
  116  8:55  Marine x3  
  115  9:00  SCV  
  115  9:01  SCV  
Show
View Real Time Build Order
Export as new Build Order

LiquidClem Terran 

Build Orders: Cyclone Opening 

Get SALT Encoding   

  12  0:00  SCV  
  13  0:12  SCV  
  14  0:17  Supply Depot  
  14  0:24  SCV  
  15  0:38  SCV  
  15  0:39  Barracks  
  16  0:43  Refinery  
  16  0:50  SCV  
  16  0:52  Refinery  
  17  1:03  SCV  
  18  1:15  SCV  
  19  1:26  Reaper  
  19  1:27  Orbital Command  
  20  1:36  Supply Depot  
  20  1:40  Factory  
  20  1:53  SCV  
  21  1:58  Reaper  
  22  2:05  SCV  
  23  2:17  SCV  
  23  2:20  Command Center  
  24  2:27  Cyclone  
  24  2:29  SCV  
  27  2:37  Starport  
  27  2:41  SCV  
  27  2:42  Barracks Reactor  
  28  2:49  Supply Depot  
  28  2:53  SCV  
  29  2:59  Cyclone  
  31  3:10  SCV  
  31  3:17  Medivac  
  33  3:22  SCV  
  33  3:25  Refinery  
  34  3:31  Barracks Tech Lab  
  34  3:32  Orbital Command  
  34  3:34  SCV  
  34  3:41  Cyclone  
  37  3:42  Cyclone  
  37  3:47  SCV  
  40  3:58  SCV  
  40  3:59  Raven, SCV  
  44  4:02  Supply Depot  
  44  4:11  SCV  
  44  4:13  Cyclone  
  44  4:16  SCV, Cyclone  
  48  4:23  SCV  
  48  4:28  SCV  
  48  4:30  Supply Depot, Interference Matrix  
  48  4:35  Raven, SCV  
  51  4:40  SCV  
  52  4:47  SCV, Cyclone  
  52  4:48  Cyclone  
  57  4:53  SCV  
  57  4:59  SCV, Command Center  
  59  5:02  Supply Depot  
  59  5:05  SCV  
  59  5:06  Barracks Tech Lab  
  60  5:09  Raven  
  60  5:11  SCV  
  63  5:18  SCV  
  63  5:19  Cyclone  
  66  5:22  Cyclone  
  66  5:24  SCV  
  69  5:30  SCV, Barracks  
  69  5:33  Supply Depot  
  69  5:34  Barracks  
  70  5:36  Marine  
  70  5:37  Refinery  
  70  5:42  SCV x2  
  70  5:54  SCV x2, Marine  
  71  6:00  Stimpack  
  69  6:05  Engineering Bay  
  69  6:06  SCV x2, Engineering Bay  
  69  6:09  Starport Reactor  
  71  6:12  Siege Tank, Marine  
  71  6:14  Supply Depot  
  75  6:20  SCV  
  75  6:21  SCV, Barracks x2  
  75  6:25  Marine x2, Barracks Reactor  
  79  6:29  Marine  
  79  6:31  Orbital Command  
  79  6:32  SCV  
  81  6:33  SCV  
  81  6:35  Terran Infantry Weapons Level 1  
  81  6:38  Terran Infantry Armor Level 1  
  82  6:44  Supply Depot  
  82  6:45  SCV  
  82  6:46  SCV  
  84  6:49  Siege Tank  
  84  6:51  Marine x2  
  84  6:52  Supply Depot  
  84  6:54  Marine  
  89  6:55  Medivac  
  89  6:58  SCV, Medivac  
  89  7:00  SCV  
  89  7:01  SCV  
  97  7:02  Marine x2  
  98  7:10  Barracks Reactor  
  98  7:11  Marine, Barracks Reactor  
  98  7:12  SCV, Marine  
  101  7:15  Marine  
  101  7:18  SCV  
  101  7:19  Marine  
  104  7:22  Marine  
  104  7:23  Siege Tank  
  104  7:24  SCV  
  104  7:26  SCV  
  104  7:29  Marine  
  109  7:33  Marine  
  109  7:34  Medivac x2  
  109  7:36  Marine  
  113  7:37  Marine, Refinery x2  
  113  7:38  Supply Depot  
  113  7:39  Supply Depot, SCV  
  113  7:40  SCV, Marine  
  117  7:47  Marine  
  117  7:50  Marine  
  112  7:53  Marine  
  112  7:55  SCV x2, Siege Tank  
  114  8:03  Orbital Command, Marine x2  
  114  8:05  Armory  
  114  8:07  SCV, Marine  
  114  8:08  SCV  
  116  8:15  Marine  
  116  8:19  SCV  
  114  8:23  Marine  
  114  8:24  SCV, Marine x2  
  114  8:26  Marine  
  117  8:30  SCV  
  117  8:31  Marine x2  
  117  8:32  Marine x2  
  117  8:33  Marine  
  117  8:34  Siege Tank  
  125  8:40  Marine  
  100  8:41  Marine  
  100  8:42  Marine  
  100  8:44  Marine  
  96  8:48  Marine  
  96  8:49  Marine x2  
  96  8:50  Marine x2  
Tags
 
Add a new tag
Caveats
  • Supply blocks, unpowered buildings, or Contaminate may cause inaccurate times.
  • Supply counts are checked every 10 seconds.